 Dungeon Crawl Stone Soup version 0.30.1 (webtiles) character file.

Game seed: 6975633948116465799

278 safid the Chiller (level 6, -4/47 HPs)
             Began as a Merfolk Ice Elementalist on July 3, 2023.
             Slain by a phantom (5 damage)
             ... on level 5 of the Dungeon.
             The game lasted 00:05:54 (4060 turns).

safid the Chiller (Merfolk Ice Elementalist)        Turns: 4060, Time: 00:05:54

Health: -4/47      AC:  3    Str:  8    XL:     6   Next: 26%
Magic:  3/11       EV: 12    Int: 16    God:
Gold:   179        SH:  0    Dex: 15    Spells: 5/12 levels left

rFire   . . .        q - +3 hand axe
rCold   . . .        (no shield)
rNeg    . . .        a - +0 robe
rPois   .            r - +0 helmet
rElec   .            (no cloak)
rCorr   .            (no gloves)
SInv    .            (no boots)
Will    .....        (no amulet)
Stlth   ++           f - ring of flight
HPRegen 0.27/turn    o - ring of wizardry
MPRegen 0.12/turn

%: wizardry (x1)
@: flying
A: (nimble swimmer 2), mertail
a: no special abilities


You were on level 5 of the Dungeon.
You visited 1 branch of the dungeon, and saw 5 of its levels.

You collected 179 gold pieces.

Inventory:

Hand Weapons
 q - a +3 hand axe (weapon)
Armour
 a - a +0 robe (worn)
 r - a +0 helmet (worn)
Jewellery
 e - a ring of ice
 f - a ring of flight (left hand)
 o - a ring of wizardry (right hand)
Wands
 w - a wand of acid (6)
Scrolls
 c - a scroll of enchant weapon {unknown}
 d - 2 scrolls of acquirement {unknown}
 i - a scroll of immolation {unknown}
 j - 4 scrolls of poison {unknown}
 k - 2 scrolls of teleportation {unknown}
 n - 6 scrolls of identify {unknown}
 s - a scroll of fear {unknown}
 t - a scroll of magic mapping {unknown}
 v - a scroll of noise {unknown}
 x - a scroll of brand weapon {unknown}
Potions
 b - 2 potions of magic
 g - 6 potions of curing {unknown}
 h - a potion of attraction {unknown}
 l - a potion of invisibility {unknown}
 m - a potion of berserk rage {unknown}
 p - a potion of flight {unknown}
 u - a potion of degeneration {unknown}
 z - a potion of haste {unknown}
 A - a potion of ambrosia {unknown}


   Skills:
 + Level 3.6 Fighting
 - Level 2.6 Dodging
 - Level 2.1 Stealth
 + Level 3.7 Spellcasting
 + Level 5.8 Ice Magic


You had 5 spell levels left.
You knew the following spells:

 Your Spells              Type           Power      Damage    Failure   Level
a - Freeze                Ice            84%        1d9       1%          1
b - Frozen Ramparts       Ice            42%        1d7       1%          3
c - Ozocubu's Armour      Ice            21%        N/A       1%          3

Your spell library contained the following spells:

 Spells                   Type           Power      Damage    Failure   Level
 Necrotise                Necr           8%         1d4       7%          1
 Gell's Gravitas          Tloc           2%         N/A       21%         3
 Teleport Other           Tloc           2%         N/A       21%         3
 Vampiric Draining        Necr           2%         2d6       21%         3
 Summon Ice Beast         Ice/Summ       12%        N/A       21%         4
 Agony                    Necr           2%         N/A       86%         5
 Dispersal                Tloc           1%         N/A       100%        6


Dungeon Overview and Level Annotations

Branches:
Dungeon (5/15)
 Temple: D:4-7

Altars:

Annotations:
D:2 1 runed translucent door, Crazy Yiuf


Innate Abilities, Weirdness & Mutations

((You are very nimble when in or above water. (Stealth+, EV+, Speed+++)))
Your lower body shifts to a powerful aquatic tail in water.


Message History

You don't have enough magic to cast this spell.
You barely miss the phantom.
The phantom is severely damaged.
The phantom closely misses you.
You slash the phantom!
The phantom is almost destroyed.
The phantom hits you.
You closely miss the phantom.
The phantom is almost destroyed.
The phantom hits you.
* * * LOW HITPOINT WARNING * * *
The phantom barely misses you.
You hit the phantom but do no damage.
The phantom is almost destroyed.
The phantom hits you but does no damage.
You miss the phantom.
The phantom is almost destroyed.
The phantom hits you.
* * * LOW HITPOINT WARNING * * *
The phantom blinks!
You blink.
Unknown command.
You barely miss the phantom.
The phantom is almost destroyed.
The phantom hits you!
* * * LOW HITPOINT WARNING * * *
The phantom blinks!
You blink.
The phantom hits you but does no damage.
Casting: Ozocubu's Armour (safe; 1% risk of failure)
Confirm with . or Enter, or press ? or * to list all spells.
You don't have enough magic to cast this spell.
You closely miss the phantom.
The phantom is almost destroyed.
The phantom hits you.
* * * LOW HITPOINT WARNING * * *
The phantom blinks!
You blink.
Unknown command.
You barely miss the phantom.
The phantom is almost destroyed.
The phantom hits you.
You die...

#############
#...>....W..#
#........@..#
#.........§.#
###........§..#
#<'...........#
###...........#
#...........#
#...........#
#...?.......#
+...........#


You could see a phantom.

Vanquished Creatures
  A howler monkey (D:4)
  A hound (D:4)
  A jelly (D:4)
  Natasha (D:2)
  Terence (D:2)
  4 gnolls (D:4)
  An adder (D:2)
  A worm (D:4)
  3 dart slugs
  7 orcs
  5 bats
  3 endoplasms
  3 giant cockroaches
  9 hobgoblins
  3 kobolds
  3 quokkas
  4 ball pythons
  6 frilled lizards
  7 goblins
  7 rats
71 creatures vanquished.

Notes
Turn   | Place    | Note
-------+----------+-------------------------------------------
     0 | D:1      | safid the Merfolk Ice Elementalist began the quest for the
                  | Orb.
     0 | D:1      | Reached XP level 1. HP: 13/13 MP: 3/3
   297 | D:1      | Reached XP level 2. HP: 20/20 MP: 5/5
   375 | D:1      | Reached skill level 1 in Fighting
   784 | D:1      | Reached XP level 3. HP: 26/26 MP: 4/6
  1027 | D:1      | Learned a level 3 spell: Frozen Ramparts
  1435 | D:2      | Noticed Natasha
  1443 | D:2      | Killed Natasha
  1444 | D:2      | Reached skill level 5 in Ice Magic
  1444 | D:2      | Reached XP level 4. HP: 17/33 MP: 3/8
  1448 | D:2      | Learned a level 3 spell: Ozocubu's Armour
  1834 | D:2      | Noticed Terence
  1846 | D:2      | Killed Terence
  2102 | D:2      | Found a runed translucent door.
  2103 | D:2      | Noticed Crazy Yiuf
  2318 | D:3      | Reached XP level 5. HP: 39/39 MP: 6/9
  2693 | D:3      | Found a faded altar of an unknown god.
  2853 | D:4      | Reached XP level 6. HP: 46/47 MP: 0/11
  4019 | D:5      | Entered Level 5 of the Dungeon
  4059 | D:5      | HP: 1/47 [phantom (4)]
  4060 | D:5      | Slain by a phantom

Illustrated notes

Levels and vault maps discovered:
D:1:      dpeg_arrival_fog, layout_loops_corners
D:2:      layout_basic, minmay_large_rounded_square, uniq_crazy_yiuf_cottage,
          uniq_natasha, uniq_terence
D:3:      layout_basic, shapermc_ecumenical_altar_hornbeckon
D:4:      layout_layer_cave
D:5:      layout_basic, lemuel_crystal_altar,
          mainiacjoe_overflow_surrounded_room, lemuel_coloured_pillars_altar,
          minmay_temple_entry_waves, serial_shops, shop,
          nicolae_nh_ransacked_shop, uniq_ijyb

Skill      XL: |  1  2  3  4  5 |
---------------+----------------+-----
Fighting       | 1 2 3 |  3.6
Ice Magic      | 5 |  5.8
Spellcasting   | 3 |  3.7
Dodging        | |  2.6
Stealth        | |  2.1

Action                     |  1- 3 |  4- 6 || total
---------------------------+-------+-------++-------
  Melee: Dagger            |    33 |     3 ||    36
         Hand axe          |       |    88 ||    88
   Cast: Freeze            |    34 |     9 ||    43
         Frozen Ramparts   |     1 |    11 ||    12
         Ozocubu's Armour  |       |     8 ||     8
   Stab: Sleeping          |     4 |     4 ||     8
 Armour: Robe              |    12 |    19 ||    31
  Dodge: Dodged            |    25 |    78 ||   103
